 Dungeon Crawl Stone Soup version 0.17-a0-1767-gccbed74 (webtiles) character file.

2578 achirane the Basher (level 9, -2/64 HPs)
             Began as a Formicid Fighter on Sept 6, 2015.
             Was a Believer of Okawaru.
             Slain by a wight
             ... wielding a +0 spear
              (8 damage)
             ... on level 8 of the Dungeon.
             The game lasted 00:38:42 (9942 turns).

achirane the Basher (Formicid Fighter)              Turns: 9942, Time: 00:38:42

Health: -2/64      AC:  6    Str: 24    XL:     9   Next: 88%
Magic:  8/9        EV: 12    Int:  8    God:    Okawaru [**....]
Gold:   370        SH: 11    Dex: 10    Spells: 0 memorised, 8 levels left

rFire  + . .     SeeInvis +     o - +2 short sword (elec)
rCold  + + .     Clarity  .     A - +0 leather armour {rC+}
rNeg   . . .     SustAt   .     c - +0 shield
rPois  +         Gourm    .     (helmet unavailable)
rElec  +         Spirit   .     y - +0 cloak
rCorr  +         Warding  .     s - +0 pair of gloves
rMut   .         Stasis   +     (no boots)
MR     .....                    (no amulet)
Stlth  ++........               (no ring)
                                (no ring)

@: resistant, heroism, drained, not resistant to hostile enchantments,
unstealthy
A: permanent stasis, dig shafts and tunnels, four strong arms, antennae 3
a: Dig, Shaft Self, Heroism, Renounce Religion


You were on level 8 of the Dungeon.
You worshipped Okawaru.
Okawaru was pleased with you.
You were not hungry.

You visited 1 branch of the dungeon, and saw 8 of its levels.
You also visited: Ossuary.

You collected 370 gold pieces.

Inventory:

Hand weapons
 a - a +0 flail
 o - a +2 short sword of electrocution (weapon)
 t - a +3 quarterstaff of chaos
 u - a +0 hunting sling
Missiles
 p - 133 stones
 z - 2 poisoned tomahawks
 B - 7 poisoned needles
 C - 2 javelins of penetration
 L - 16 sling bullets
 M - 8 tomahawks (quivered)
Armour
 b - a +0 scale mail
 c - a +0 shield (worn)
 s - a +0 pair of gloves (worn)
 y - a +0 cloak (worn)
 A - a +0 leather armour of cold resistance (worn)
 H - a +3 leather armour
Scrolls
 f - 3 scrolls of fog {unknown}
 g - 4 scrolls of magic mapping
 h - a scroll of random uselessness {unknown}
 l - 3 scrolls of remove curse
 n - 5 scrolls of enchant armour
 r - a scroll of recharging {unknown}
 E - 4 scrolls of amnesia
 F - 2 scrolls of enchant weapon
 I - 2 scrolls of teleportation
 O - a scroll of blinking {unknown}
Potions
 d - 6 potions of might
 j - a potion of mutation
 q - 2 potions of resistance
 D - a potion of haste
 G - 2 potions of invisibility
 K - 2 potions of agility
Comestibles
 e - 4 bread rations
 k - 4 fruits
 m - 3 beef jerkies
 x - 3 meat rations


   Skills:
 - Level 3.2(7.7) Fighting
 + Level 12.5(16.8) Maces & Flails
 - Level 3.2(7.7) Armour
 - Level 3.6(8.0) Shields


You had 8 spell levels left.
You didn't know any spells.

Dungeon Overview and Level Annotations

Branches:
Dungeon (9/15)             Temple (0/1) D:6
   Lair: D:8-11         Orc: D:9-12

Altars:
Ashenzari
Elyvilon
Kikubaaqudgha
Nemelex Xobeh
Okawaru
Trog
Yredelemnul

Shops:
D:8 [


Innate Abilities, Weirdness & Mutations

You are under a permanent stasis effect.
You can dig through walls and to a lower floor.
Your four strong arms can wield two-handed weapons with a shield.
You have a pair of large antennae on your head (SInv).


Message History

You hit the wight.
The wight is moderately damaged.
The wight misses you. You block the wight's attack.
You hit the wight.
The wight is heavily damaged.
The wight hits you from afar with a spear.
* * * LOW HITPOINT WARNING * * *
You hit the wight but do no damage.
The wight is heavily damaged.
The wight closely misses you.
You hit the wight but do no damage.
There is a sudden explosion of sparks!
You destroy the wight!
Okawaru accepts your kill. You block the wight's attack.
You hit the wight but do no damage.
There is a sudden explosion of sparks!
You destroy the wight!
Okawaru accepts your kill. You block the wight's attack.
The wight hits you with a spear!
You die...

........##'#####
#.####'######
#########≈.....#
#.##.........
.......≈....#
#.##.........
≈.≈.≈.≈.....#
#.##.........
.......≈....#
#.#####'#####
#########≈..#### #.#
#..# ........##.##
#####.# ##.#
...#######.######...#.#
#.#
##########......@...'.#
#.##
..........(.#####z..###
#..# # ###########.#
#...# ##.###
..........#.# #...#
#..## .########.#.#
#...# ##.##
.####...#.#.# #...#
#.## ....#.#.#.#.#
##### #.##
###.#.#.#.#.# #..#
###.#.#.#.#.# ##.#


You could see a wight.

Vanquished Creatures
  A wraith (D:8)
  A hungry ghost (D:8)
  A water moccasin (D:5)
  An orc warrior (D:9)
  2 sky beasts
  A black bear (D:9)
  A centaur (D:8)
  2 ogres (D:8)
  2 giant frogs (D:8)
  A big kobold (D:8)
  5 scorpions
  A wyvern skeleton (D:8)
  3 wights (D:8)
  2 crimson imps (D:5)
  A giant frog zombie (D:8)
  2 hounds
  2 centaur zombies
  2 centaur skeletons
  Crazy Yiuf (D:2)
  2 human zombies (Ossuary)
  2 orc priests (D:8)
  A jelly (D:5)
  2 orc wizards (D:5)
  A giant frog skeleton (D:6)
  2 iguanas (D:8)
  Jessica (D:2)
  A big kobold zombie (Ossuary)
  A hound skeleton (D:4)
  2 mummies (Ossuary)
  4 gnolls (D:5)
  5 adders
  3 oozes
  6 worms
  An adder skeleton (D:8)
  3 giant geckos
  21 orcs
  4 ball pythons (D:3)
  3 giant cockroaches
  10 hobgoblins
  18 kobolds
  A quokka (D:9)
  7 bats
  A giant cockroach zombie (D:5)
  A giant gecko skeleton (D:4)
  7 giant newts
  8 goblins
  A goblin zombie (Ossuary)
  4 hobgoblin zombies (Ossuary)
  8 jackals
  2 jackal zombies (Ossuary)
  15 kobold zombies (Ossuary)
  8 orc zombies (Ossuary)
  A quokka zombie (D:4)
  6 rats
  3 rat zombies
  A fungus (D:2)
199 creatures vanquished.

Notes
Turn   | Place    | Note
--------------------------------------------------------------
     0 | D:1      | achirane the Formicid Fighter began the quest for the Orb.
     0 | D:1      | Reached XP level 1. HP: 18/18 MP: 1/1
   426 | D:1      | Reached XP level 2. HP: 21/24 MP: 2/2
  1022 | D:1      | Reached XP level 3. HP: 24/29 MP: 3/3
  1299 | D:2      | Noticed Jessica
  1611 | D:2      | Found a sparkling altar of Nemelex Xobeh.
  1700 | D:2      | Killed Jessica
  1700 | D:2      | Reached skill level 4 in Maces & Flails
  1700 | D:2      | Reached XP level 4. HP: 33/35 MP: 4/4
  2460 | D:2      | Found a bloodstained altar of Trog.
  2531 | D:2      | Reached XP level 5. HP: 36/41 MP: 5/5
  2662 | D:2      | Reached skill level 5 in Maces & Flails
  2979 | D:2      | Noticed Crazy Yiuf
  2988 | D:2      | Killed Crazy Yiuf
  3322 | D:3      | Found an iron altar of Okawaru.
  3332 | D:3      | Became a worshipper of Warmaster Okawaru
  3589 | D:3      | Reached XP level 6. HP: 45/47 MP: 6/6
  4253 | D:4      | Found a white marble altar of Elyvilon.
  4261 | D:4      | Reached skill level 6 in Maces & Flails
  4434 | D:4      | Found a sand-covered staircase.
  4448 | Ossuary  | Entered an ossuary
  4929 | Ossuary  | Reached skill level 7 in Maces & Flails
  4929 | Ossuary  | Reached XP level 7. HP: 37/52 MP: 7/7
  5170 | D:4      | Noticed a sky beast
  5186 | D:4      | Killed a sky beast
  5186 | D:4      | Acquired Okawaru's first power
  5224 | D:4      | Found an ancient bone altar of Kikubaaqudgha.
  5453 | D:4      | Reached skill level 8 in Maces & Flails
  5677 | D:4      | Found a shattered altar of Ashenzari.
  5677 | D:4      | Found a basalt altar of Yredelemnul.
  5872 | D:5      | Entered Level 5 of the Dungeon
  6109 | D:5      | Reached XP level 8. HP: 12/58 MP: 8/8
  6546 | D:5      | Reached skill level 9 in Maces & Flails
  7563 | D:6      | Found a staircase to the Ecumenical Temple.
  7661 | D:6      | You fall through a shaft for 2 floors!
  7922 | D:8      | Reached skill level 10 in Maces & Flails
  8291 | D:8      | Reached XP level 9. HP: 61/64 MP: 9/9
  8391 | D:8      | Reached skill level 11 in Maces & Flails
  8512 | D:8      | Found Fihuahu's Antique Armour Shoppe.
  8541 | D:8      | HP: 3/64 [orc priest/divine providence (14)]
  8542 | D:8      | Gained mutation: Your system is resistant to poisons. [potion of beneficial mutation]
  8544 | D:8      | Lost mutation: Your system is resistant to poisons. [potion of cure mutation]
  8545 | D:8      | HP: 1/64 [poison (a potion of poison)]
  8971 | D:9      | Noticed a troll
  9374 | D:8      | Reached skill level 12 in Maces & Flails
  9942 | D:8      | Slain by a wight

Vault maps used:
D:1:      eino_arrival_tree_alley, roderic_serpentine_path,
          minmay_misc_feat_columns
D:2:      lemuel_coloured_pillars_altar, nrook_loot_triangle, dk_noncrumbling_3,
          bloody_trog, uniq_crazy_yiuf_cottage, uniq_jessica
D:3:      okawaru_metal_pillars_3, first_bread
D:4:      elyvilon_altar_4, gammafunk_temple_overflow_elements,
          kiku_gazebo_garden_becter, enter_ossuary_4, kennysheep_dice
D:6:      minmay_temple_entry_statues_fountains, uniq_pikel
D:8:      lemuel_upstairs_altar, nicolae_ru_path_of_blood, serial_shops,
          nicolae_shop_window_shopping
Ossuary:  ossuary_tomb_1

Action                   |  1- 3 |  4- 6 |  7- 9 || total
-------------------------+-------+-------+-------++-------
Melee: Flail             |    60 |       |       ||    60
       Short sword       |    32 |   315 |   230 ||   577
       Quarterstaff      |       |       |    71 ||    71
 Fire: Hunting sling     |       |     2 |     5 ||     7
Throw: Stone             |    10 |     2 |     1 ||    13
       Javelin           |       |       |    31 ||    31
       Tomahawk          |       |       |     2 ||     2
Invok: Heroism           |       |       |     6 ||     6
 Abil: Dig               |     1 |       |     1 ||     2
       Shaft Self        |       |       |     1 ||     1
  Use: Scroll            |       |     8 |     5 ||    13
       Potion            |       |       |    10 ||    10
 Stab: Distracted        |       |       |     1 ||     1
  Eat: Chunk             |     2 |    11 |    12 ||    25
       Pizza             |       |       |     1 ||     1
       Royal jelly       |       |       |     2 ||     2
       Meat ration       |       |       |     1 ||     1
